 Dungeon Crawl Stone Soup version 0.27-a0-1193-g8631133539 (webtiles) character file.

Game seed: 7802589759578817682

21801 Goblin1989 the Slicer (level 12, -15/104 HPs)
             Began as a Demonspawn Delver on May 21, 2021.
             Was a Believer of Uskayaw.
             Killed from afar by a bog body (26 damage)
             ... with a bolt of cold
             ... on level 3 of the Lair of Beasts on May 26, 2021.
             The game lasted 01:13:49 (23089 turns).

Goblin1989 the Slicer (Demonspawn Delver)          Turns: 23089, Time: 01:13:50

Health: -15/104    AC: 15    Str: 17    XL:     12   Next: 57%
Magic:  17/17      EV: 13    Int: 12    God:    Uskayaw [**....]
Gold:   804        SH: 10    Dex: 15    Spells: 11/11 levels left

rFire    + . .     SeeInvis .   i - +1 rapier (chaos)
rCold    . . .     Faith    .   N - +0 buckler
rNeg     . . .     Spirit   .   z - +0 scale mail
rPois    .         Reflect  +   (helmet restricted)
rElec    .         Harm     .   (no cloak)
rCorr    .         Rampage  .   (no gloves)
Will     +....                  O - +0 pair of boots
Stlth    ++........             Q - amulet of reflection
HPRegen  0.27/turn              f - ring of protection from fire
MPRegen  0.30/turn              F - +4 ring of protection

@: no status effects
A: antennae 2, magic regeneration, sharp scales 2, demonic magic 1, bedeviling,
strong-willed 1, robust 1
a: Renounce Religion, Stomp, Line Pass


You were on level 3 of the Lair of Beasts.
You worshipped Uskayaw.
Uskayaw was noncommittal.
You visited 3 branches of the dungeon, and saw 16 of its levels.
You also visited: Volcano.

You collected 1035 gold pieces.
You spent 231 gold pieces at shops.

Inventory:

Hand Weapons
 i - a +1 rapier of chaos (weapon)
 k - a +1 dagger of venom
 E - a +0 hunting sling
 L - a +0 vampiric dagger
 X - a +1 trident of venom
Missiles
 e - 5 silver javelins {@Q2}
 l - a curare-tipped dart
 n - 2 javelins {@Q2}
 t - 6 atropa-tipped darts
 w - 2 boomerangs (quivered)
 K - 33 poisoned darts
 V - 167 sling bullets
 W - 182 stones {@Q3}
 Z - 2 throwing nets {!d , @Q1}
Armour
 m - a +2 robe of resistance
 q - +0 steam dragon scales
 u - a +2 ring mail of cold resistance
 x - a +3 leather armour of fire resistance
 y - a +0 plate armour
 z - a +0 scale mail (worn)
 G - a scarf of harm
 N - a +0 buckler (worn)
 O - a +0 pair of boots (worn)
Jewellery
 f - a ring of protection from fire (left hand)
 F - a +4 ring of protection (right hand)
 Q - an amulet of reflection (around neck)
Wands
 g - a wand of digging (8) {@v1}
 p - a wand of mindburst (2)
 r - a wand of iceblast (7) {@v4}
 s - a wand of flame (17) {@v6}
 v - a wand of polymorph (13)
Scrolls
 c - 2 scrolls of fog
 j - 2 scrolls of fear
 A - 2 scrolls of vulnerability
 I - 4 scrolls of enchant armour
 M - a scroll of magic mapping
 P - 4 scrolls of amnesia
 R - a scroll of identify {@r1}
 T - 6 scrolls of teleportation {!r, @r2}
 U - 4 scrolls of immolation
 Y - 5 scrolls of noise {unknown}
Potions
 h - a potion of flight
 o - a potion of lignification {unknown}
 B - a potion of might {@q4}
 C - 4 potions of resistance {@q6}
 D - 2 potions of brilliance
 H - 3 potions of curing {@q1}
 J - 3 potions of attraction
 S - 3 potions of haste {@q3,}


   Skills:
 + Level 9.2 Fighting
 * Level 11.3 Short Blades
 - Level 2.0 Throwing
 + Level 7.3 Armour
 + Level 8.0 Dodging
 - Level 7.0 Stealth
 - Level 4.0 Shields
 + Level 7.6 Invocations
 - Level 2.0 Evocations


You had 11 spell levels left.
You didn't know any spells.
Your spell library contained the following spells:

 Spells                   Type           Power      Damage    Failure   Level
 Animate Skeleton         Necr           0%         N/A       67%         1
 Freeze                   Ice            0%         1d3       67%         1
 Pain                     Necr           0%         1d4       67%         1
 Frozen Ramparts          Ice            0%         1d2       96%         3
 Ozocubu's Armour         Ice            0%         N/A       96%         3
 Vampiric Draining        Necr           0%         2d6       96%         3
 Animate Dead             Necr           0%         N/A       100%        4
 Hailstorm                Conj/Ice       0%         3d3       100%        4
 Agony                    Necr           0%         N/A       100%        5
 Metabolic Englaciation   Hex/Ice        0%         N/A       100%        5


Dungeon Overview and Level Annotations

Branches:
Dungeon (10/15)            Temple (1/1) D:5            Lair (5/6) D:10
  Swamp (0/4) Lair:3       Spider (0/4) Lair:4          Orc (0/2) D:10
Volcano (visited)
  Slime: Lair:5-6

Altars:
Ashenzari
Cheibriados
Dithmenos
Elyvilon
Fedhas
Gozag
Hepliaklqana
Kikubaaqudgha
Makhleb
Nemelex Xobeh
Okawaru
Qazlal
Ru
Sif Muna
Trog
Uskayaw
Vehumet
Wu Jian
Xom
Yredelemnul
Zin
The Shining One

Shops:
D:7 [

Annotations:
D:4 3 runed translucent doors, jordank93's ghost, amateur SpWr
D:8 Maurice
Lair:4 exclusion: oklob plant


Innate Abilities, Weirdness & Mutations

You have a pair of antennae on your head.
You regenerate magic rapidly.
You are mostly covered in razor-sharp scales. (AC +2, Slay +2)
Spells you cast may paralyse adjacent enemies.
Your maledictions are enhanced.
You are strong-willed. (Will+)
You are robust. (+10% HP)


Message History

The black bear misses you.
You completely miss the black bear.
The black bear is heavily wounded.
You hit the black bear.
The black bear is poisoned.
The black bear is severely wounded.
You block the black bear's attack.
The black bear claws you but does no damage.
The black bear barely misses you.
You puncture the black bear! You burn the black bear.
You kill the black bear!
You puncture the cane toad!
The cane toad seems to grow stronger.
The cane toad is moderately wounded.
You block the cane toad's attack.
Uskayaw will force your foes to helplessly watch your dance.
Uskayaw prepares the audience for your solo!
The helpless cane toad fails to defend itself.
You spit the cane toad like a pig!!! You freeze the cane toad!
You kill the cane toad!
You see here a cane toad corpse.
You can no longer pass through a line of other dancers.
W - 182 stones {@Q3} (gained 7)
j - 2 scrolls of fear (gained 1)
A bog body comes into view.
The bog body gestures at you while chanting.
You resist with almost no effort.
A bog body is nearby!
Health restored: 104 A bog body is nearby!
A bog body is nearby!
A catoblepas comes into view.
Found 23 stones.
Found a staircase to the Swamp.
Found 5 silver javelins.
You see here 25 gold pieces.
Things that are here:
a ring of wizardry; 13 sling bullets The bog body gestures at you while chanting.
You resist with almost no effort.
You see here 5 silver javelins {@Q2}.
e - 5 silver javelins {@Q2} The bog body casts a spell at you.
You resist with almost no effort.
The bog body points at you and mumbles some strange words.
The bolt of cold hits you!!
You take 29 damage, and have 75/104 hp.
MASSIVE DAMAGE!!
Throw: 35 darts (poison)
Press: ? - help, Q - select action, (/) - cycle Shift-Dir - straight line, f - bog body
Aim: a bog body (69% to hit)
You throw a poisoned dart.
The poisoned dart barely misses the bog body.
The bog body gestures at you while chanting.
The bolt of cold misses you.
Throw: 34 darts (poison)
Press: ? - help, Q - select action, (/) - cycle Shift-Dir - straight line, f/p - bog body
Aim: a bog body (69% to hit)
You throw a poisoned dart.
The poisoned dart closely misses the bog body.
Throw: 2 boomerangs
Press: ? - help, Q - select action, (/) - cycle Shift-Dir - straight line, f/p - bog body
Aim: a bog body (69% to hit)
You throw a boomerang. The boomerang hits the bog body.
The bog body is lightly damaged.
Throw: 2 boomerangs
Press: ? - help, Q - select action, (/) - cycle Shift-Dir - straight line, f/p - bog body
Aim: a bog body (lightly damaged, 69% to hit)
You throw a boomerang.
The boomerang closely misses the bog body.
Throw: 2 boomerangs
Press: ? - help, Q - select action, (/) - cycle Shift-Dir - straight line, f/p - bog body
Aim: a bog body (69% to hit)
You throw a boomerang. The boomerang hits the bog body!
The bog body is moderately damaged.
The bog body touches you but does no damage.
Throw: 2 boomerangs
Press: ? - help, Q - select action, (/) - cycle Shift-Dir - straight line, f/p - bog body
Aim: a bog body (moderately damaged, 69% to hit)
You throw a boomerang.
The boomerang barely misses the bog body.
The bog body touches you but does no damage.
You hit the bog body.
The bog body is moderately damaged.
You hit the bog body.
The bog body seems to grow stronger.
The bog body is heavily damaged.
The bog body gestures at you while chanting.
The bolt of cold hits you!!
You take 30 damage, and have 47/104 hp.
MASSIVE DAMAGE!!
You hit the bog body.
The bog body is heavily damaged.
The bog body touches you!
* * * LOW HITPOINT WARNING * * *
The bog body freezes you!!
* * * LOW HITPOINT WARNING * * *
You can now pass through a line of other dancers.
You take 36 damage, and have 11/104 hp.
MASSIVE DAMAGE!!
Your scale mail prevents you from hitting the bog body.
The bog body is heavily damaged.
You hit the bog body.
The bog body is severely damaged.
The bog body points at you and mumbles some strange words.
The bolt of cold hits you!!
You die...

█..█..............█≈≈
█..█.██...████....█≈≈
██..█.█..█.███.....██≈
█........██.........≈≈
██....██..█.█.█.....█.
██....████.███.......
█.....██.............
██...████........███.
█..@.███........█
█...n...........███
█...................
█................█..
███...............█..
█P.....P██............
██.....P.█........██..
█P.........(.........
██......█............


You could see a bog body (strong).

Vanquished Creatures
  An ogre mage (Volcano)
  3 hydras
  2 tengu warriors (D:10)
  3 two-headed ogres (Volcano)
  Pikel (D:7)
  A black mamba (Lair:2)
  A gargoyle (Volcano)
  An elephant (D:10)
  4 cane toads (Lair:3)
  3 kobold demonologists
  An unseen horror (Lair:4)
  A rime drake (Lair:3)
  3 komodo dragons
  A troll (D:9)
  4 blink frogs
  Prince Ribbit (D:9)
  A dream sheep (Lair:2)
  3 shadows
  3 wyverns
  11 yaks
  2 basilisks
  A wraith (D:9)
  2 fire bats (Volcano)
  3 steam dragons
  An acid dragon (D:8)
  7 water moccasins
  2 sky beasts
  6 black bears
  A hornet zombie (D:8)
  6 orc warriors
  An ice beast (D:6)
  10 wolves
  A phantom (D:6)
  3 lemures (D:7)
  5 centaurs
  2 kobold brigands
  11 bullfrogs
  Blork the orc (D:6)
  A water moccasin zombie (D:5)
  6 killer bees
  4 howler monkeys
  An electric eel (Lair:3)
  2 centaur zombies
  3 lava snakes (Volcano)
  2 jellies
  2 bullfrog skeletons
  4 hounds
  3 orc priests
  A centaur skeleton (D:5)
  Jessica (D:2)
  A gnoll shaman (D:9)
  2 iguanas (D:4)
  11 orc wizards
  A killer bee zombie (D:7)
  Robin (D:3)
  9 gnolls
  4 adders
  2 white imps
  An ufetubus (D:4)
  An adder skeleton (D:5)
  3 dart slugs
  52 orcs
  5 endoplasms
  5 giant cockroaches
  13 hobgoblins
  13 jackals
  2 quokkas
  4 ball pythons
  4 bats
  3 frilled lizards
  18 goblins
  14 kobolds
  3 rats
316 creatures vanquished.

Vanquished Creatures (others)
  A two-headed ogre (Volcano)
  A kobold brigand (D:9)
  An orc wizard (D:6)
  A gnoll (D:9)
  A kobold (D:9)
  33 fungi
  31 plants
69 creatures vanquished.

Grand Total: 385 creatures vanquished

Notes
Turn   | Place    | Note
-------+----------+-------------------------------------------
     0 | D:5      | Goblin1989 the Demonspawn Delver began the quest for the
                  | Orb.
     0 | D:5      | Reached XP level 1. HP: 18/18 MP: 1/1
    16 | Temple   | Entered the Ecumenical Temple
    77 | Temple   | Became a worshipper of Uskayaw the Reveller
   109 | D:4      | Reached * piety under Uskayaw
   319 | D:4      | Found a runed translucent gate.
   320 | D:4      | Found a runed translucent gate.
   320 | D:4      | Found a runed translucent gate.
   321 | D:4      | Noticed jordank93's ghost (amateur SpWr)
   341 | D:4      | Reached skill level 2 in Short Blades
   592 | D:1      | Gained mutation: You are partially covered in razor-sharp
                  | scales. (AC +1, Slay +1) [demonic ancestry]
   592 | D:1      | Reached XP level 2. HP: 19/24 MP: 2/2
   738 | D:1      | Reached skill level 5 in Stealth
   750 | D:1      | Reached ** piety under Uskayaw
   795 | D:1      | Reached *** piety under Uskayaw
   798 | D:1      | Reached **** piety under Uskayaw
  1040 | D:1      | Found a faded altar of an unknown god.
  1077 | D:1      | Gained mutation: Spells you cast may paralyse adjacent
                  | enemies. [demonic ancestry]
  1077 | D:1      | Reached XP level 3. HP: 20/29 MP: 3/3
  2112 | D:2      | Noticed Jessica
  2153 | D:2      | Killed Jessica
  2154 | D:2      | Gained mutation: You regenerate magic rapidly. [demonic
                  | ancestry]
  2154 | D:2      | Reached XP level 4. HP: 12/35 MP: 4/4
  2815 | D:2      | You fall into a shaft and drop 1 floor!
  3155 | D:3      | Noticed Robin
  3691 | D:4      | Reached XP level 5. HP: 17/41 MP: 5/5
  3879 | D:4      | Noticed a necrophage
  3906 | D:4      | Gained mutation: You are robust. (+10% HP) [potion of
                  | mutation]
  3906 | D:4      | Gained mutation: You are strong-willed. (Will+) [potion of
                  | mutation]
  4157 | D:3      | Found a shimmering altar of Xom.
  4520 | D:3      | Killed Robin
  4788 | D:3      | Found a bloodstained altar of Trog.
  5219 | D:4      | Reached skill level 1 in Shields
  5270 | D:4      | Reached XP level 6. HP: 45/51 MP: 6/6
  5706 | D:4      | Reached skill level 3 in Short Blades
  5706 | D:4      | Reached skill level 1 in Throwing
  6110 | D:5      | Noticed an orc warrior
  6481 | D:5      | Gained mutation: You have a pair of small antennae on your
                  | head. [demonic ancestry]
  6481 | D:5      | Reached XP level 7. HP: 58/58 MP: 7/7
  6494 | D:5      | Found a snail-covered altar of Cheibriados.
  6964 | D:5      | Found a hazy altar of Hepliaklqana.
  6965 | D:5      | Found a shadowy altar of Dithmenos.
  6965 | D:5      | Noticed a shadow
  7011 | D:6      | Found a sacrificial altar of Ru.
  7149 | D:6      | Reached skill level 4 in Short Blades
  7271 | D:6      | Upgraded the game from 0.27-a0-1188-g73eefd5def to
                  | 0.27-a0-1191-g601b473118
  7594 | D:6      | Noticed Blork the orc
  7609 | D:6      | Killed Blork the orc
  7758 | D:6      | Reached skill level 1 in Armour
  7921 | D:6      | Gained mutation: You are mostly covered in razor-sharp
                  | scales. (AC +2, Slay +2) [demonic ancestry]
  7921 | D:6      | Reached XP level 8. HP: 53/67 MP: 8/8
  8078 | D:6      | Found a shimmering blue altar of Sif Muna.
  8310 | D:6      | Reached skill level 5 in Short Blades
  8439 | D:7      | Found Ataerum's Antique Armour Emporium.
  8450 | D:7      | Bought a shiny ring mail for 231 gold pieces
  8918 | D:7      | Noticed Pikel
  8980 | D:7      | Killed Pikel
  8981 | D:7      | Reached skill level 5 in Fighting
  9144 | D:7      | Gained mutation: You have a pair of antennae on your head.
                  | [demonic ancestry]
  9144 | D:7      | Reached XP level 9. HP: 71/74 MP: 9/9
  9238 | D:7      | Reached skill level 6 in Short Blades
 10021 | D:8      | Upgraded the game from 0.27-a0-1191-g601b473118 to
                  | 0.27-a0-1193-g8631133539
 10554 | D:8      | Found an ancient bone altar of Kikubaaqudgha.
 11277 | D:8      | Reached skill level 7 in Short Blades
 11543 | D:8      | Reached skill level 5 in Dodging
 12082 | D:9      | Noticed Maurice
 12461 | D:9      | Noticed Prince Ribbit
 12710 | D:9      | Killed Prince Ribbit
 12711 | D:9      | Reached XP level 10. HP: 84/84 MP: 10/10
 13163 | D:9      | Reached skill level 8 in Short Blades
 13191 | D:9      | Reached ***** piety under Uskayaw
 13969 | D:9      | Identified a scroll of acquirement
 13971 | D:9      | Acquired 536 gold pieces
 14013 | D:10     | Entered Level 10 of the Dungeon
 14060 | D:10     | Reached skill level 5 in Armour
 14176 | D:10     | Reached skill level 1 in Invocations
 14176 | D:10     | Found a staircase to the Orcish Mines.
 14322 | D:10     | Found a staircase to the Lair.
 14322 | D:10     | Noticed an elephant
 14466 | D:10     | Reached skill level 1 in Evocations
 14970 | D:10     | Noticed an orange demon
 15009 | D:10     | Found an opulent altar of Gozag.
 15331 | D:10     | Found a radiant altar of Vehumet.
 15351 | D:10     | Killed an elephant
 15352 | D:10     | Reached skill level 9 in Short Blades
 15807 | D:10     | Noticed a tengu warrior
 15807 | D:10     | Noticed a tengu warrior
 15830 | D:10     | Killed a tengu warrior
 15831 | D:10     | Reached XP level 11. HP: 78/92 MP: 13/13
 15832 | D:10     | Killed a tengu warrior
 16398 | D:10     | Found a staircase to the Lair.
 16427 | D:10     | Found a radiant altar of Vehumet.
 16549 | D:10     | Found a staircase to the Orcish Mines.
 16681 | D:10     | Found an opulent altar of Gozag.
 16909 | Lair:1   | Entered Level 1 of the Lair of Beasts
 17001 | Lair:1   | Found a dark tunnel.
 17009 | Volcano  | Entered a volcano
 17348 | Volcano  | Found a radiant altar of Vehumet.
 17348 | Volcano  | Noticed a two-headed ogre
 17348 | Volcano  | Noticed an ogre mage
 17348 | Volcano  | Noticed a two-headed ogre
 17348 | Volcano  | Noticed a two-headed ogre
 17366 | Volcano  | Killed a two-headed ogre
 17373 | Volcano  | Killed an ogre mage
 17376 | Volcano  | Killed a two-headed ogre
 17387 | Volcano  | Killed a two-headed ogre
 17545 | Volcano  | Noticed a two-headed ogre
 17619 | Volcano  | Reached skill level 5 in Invocations
 17636 | Volcano  | Killed a two-headed ogre
 17637 | Volcano  | Reached skill level 10 in Short Blades
 18146 | Volcano  | Noticed a hell knight
 19262 | Lair:1   | Noticed a six-headed hydra
 19271 | Lair:1   | Killed a six-headed hydra
 19834 | Lair:2   | Gained mutation: Your maledictions are enhanced. [demonic
                  | ancestry]
 19834 | Lair:2   | Reached XP level 12. HP: 87/103 MP: 16/16
 19834 | Lair:2   | Goblin1989: ??bedeviling
 19834 | Lair:2   | beem: I don't have a page labeled bedeviling in my learndb.
 19921 | Lair:2   | You fall into a shaft and drop 2 floors!
 19921 | Lair:4   | Noticed a seven-headed hydra
 19940 | Lair:4   | Noticed a four-headed hydra
 20594 | Lair:5   | Killed a four-headed hydra
 20839 | Lair:4   | Found a hole to the Spider Nest.
 21591 | Lair:2   | Noticed a four-headed hydra
 21752 | Lair:2   | Killed a four-headed hydra
 21753 | Lair:2   | Reached skill level 11 in Short Blades
 21779 | Lair:2   | Noticed Fannar
 21803 | Lair:2   | Noticed Fannar
 21803 | Lair:2   | Fannar changed into Fannar the dream sheep
 21804 | Lair:2   | Killed Fannar the dream sheep
 23052 | Lair:3   | Found a staircase to the Swamp.
 23052 | Lair:3   | Noticed a catoblepas
 23089 | Lair:3   | Killed from afar by a bog body

Illustrated notes

Levels and vault maps discovered:
D:1:      minmay_arrival_three_doors, layout_rooms,
          ebering_ecumenical_altar_webs
D:2:      layout_basic, uniq_jessica
D:3:      layout_rooms, general_overflow_altar, tgw_xom, marbit_many_paths,
          uniq_robin
D:4:      minmay_diamond_boxcup, layout_basic, ebering_ghost_rock_garden
D:5:      layout_loops_ring, riverfiend_overflow_shadow_ancestor,
          cheibriados_altar_1, minmay_temple_entry_statues_fountains
D:6:      layout_basic, kennysheep_orc_sif_temple, lemuel_round_altar,
          uniq_blork_the_orc
D:7:      layout_rooms, serial_shops, shop, uniq_pikel
D:8:      layout_cave_pods, nicolae_kikubaaqudgha_miasma_corner,
          chequers_serial_rivers_large_b, st_stairs_10
D:9:      layout_loops_cross, uniq_prince_ribbit1, uniq_maurice
D:10:     layout_rooms, lemuel_tele_altar, nicolae_vehumet_radiance,
          grunt_gozag_statues, david_lair_generic, hiddenorc1_lemuel,
          st_stairs_3, amcnicky_mini_rare_corridor_liquid
Temple:   zaba_magenta_temple
Lair:1:   layout_regular_city, lightli_volcano_entry_magma_tube
Lair:2:   layout_small_grid, uniq_fannar
Lair:3:   layout_gridlike, skrybe_swamp_entry_bodies,
          infiniplex_staircase_pool_2
Lair:4:   layout_loops_ring, dummy_spider_entry, grunt_megastairs_3
Lair:5:   layout_cave_pods, slime_altar_2, portal_ice_cave_entry_imps

Skill      XL: |  1  2  3  4  5  6  7  8  9 10 11 12 |
---------------+-------------------------------------+-----
Short Blades   | 2 3 4 5 7 9 10 11 | 11.3
Stealth        | 5 6 7 |  7.0
Dodging        | 2 3 4 5 6 7 8 |  8.0
Shields        | 1 2 3 4 |  4.0
Throwing       | 1 2 |  2.0
Fighting       | 4 5 6 7 8 9 |  9.2
Armour         | 1 2 4 5 6 7 |  7.3
Invocations    | 3 6 7 |  7.6
Evocations     | 2 |  2.0

Action                   |  1- 3 |  4- 6 |  7- 9 | 10-12 || total
-------------------------+-------+-------+-------+-------++-------
Melee: Short sword       |   202 |   221 |   806 |   799 ||  2028
       Rapier            |       |       |       |   287 ||   287
Throw: Stone             |       |    32 |       |       ||    32
       Dart              |       |    31 |   118 |    37 ||   186
       Boomerang         |       |       |     8 |    30 ||    38
       Javelin           |       |       |     4 |     2 ||     6
       Throwing net      |       |       |       |     1 ||     1
Invok: Line Pass         |       |       |       |     2 ||     2
Evoke: Wand              |       |       |     1 |    21 ||    22
  Use: Potion            |     1 |     3 |       |     4 ||     8
       Scroll            |       |     2 |     7 |    11 ||    20
 Stab: Sleeping          |     4 |     9 |     6 |     2 ||    21
       Paralysed         |     2 |       |     9 |    28 ||    39
       Invisible         |       |       |       |     2 ||     2
       Held in net/web   |       |       |       |     1 ||     1
       Petrifying        |       |       |       |     1 ||     1
Armor: Leather armour    |    71 |    58 |    80 |       ||   209
       Ring mail         |       |       |   172 |       ||   172
       Scale mail        |       |       |       |   306 ||   306
Dodge: Dodged            |   158 |   101 |   228 |   410 ||   897
Block: Buckler           |       |    88 |   284 |   469 ||   841
       Reflection        |       |     2 |     5 |    15 ||    22

Table legend: (Time is in decaauts)
 A = Elapsed time spent in this place.
 B = Non-inter-level travel time spent in this place.
 C = Inter-level travel time spent in this place.
 D = Time resting spent in this place.
 E = Time spent auto-exploring this place.
 F = Levels seen in this place.
 G = Mean time per level.
                   A        B        C        D        E       F      G
               +--------+--------+--------+--------+--------+-----+--------+
         Total |  22692 |  22038 |    654 |   6326 |  10583 |  17 | 1334.8 |
       Dungeon |  16605 |  16002 |    603 |   4272 |   7917 |  10 | 1660.5 |
        Temple |     74 |     62 |     12 |      0 |     54 |   1 |   74.0 |
          Lair |   4894 |   4855 |     39 |   1344 |   2563 |   5 |  978.8 |
       Volcano |   1118 |   1118 |      0 |    710 |     49 |   1 | 1118.0 |
               +--------+--------+--------+--------+--------+-----+--------+

Top non-repeatable levels by time:
     D:8: 2521 daAuts
     D:9: 2441 daAuts
    D:10: 2194 daAuts
     D:4: 2090 daAuts
     D:2: 1672 daAuts
  Lair:1: 1652 daAuts
  Lair:2: 1626 daAuts
     D:6: 1315 daAuts
     D:1: 1306 daAuts
     D:7: 1172 daAuts
 Volcano: 1118 daAuts
     D:3: 1103 daAuts
     D:5: 788 daAuts
  Lair:5: 765 daAuts
  Lair:3: 583 daAuts
